 Dungeon Crawl Stone Soup version 0.19-a0-1111-gcceb26a (webtiles) character file.

88 Geppetto the Chopper (level 4, 0/34 HPs)
             Began as a Demonspawn Gladiator on Aug 10, 2016.
             Slain by a giant gecko (1 damage)
             ... on level 3 of the Dungeon on Aug 11, 2016.
             The game lasted 00:04:22 (1259 turns).

Geppetto the Chopper (Demonspawn Gladiator)         Turns: 1259, Time: 00:04:22

Health: 0/34       AC: 10    Str: 15    XL:     4   Next: 30%
Magic:  0/4        EV:  5    Int:  9    God:
Gold:   154        SH:  0    Dex: 15    Spells: 0 memorised, 3 levels left

rFire  . . .     SeeInvis .     a - +0 war axe
rCold  . . .     Gourm    .     e - +0 plate armour
rNeg   . . .     Faith    .     (no shield)
rPois  .         Spirit   +     (helmet restricted)
rElec  .         Dismiss  .     (no cloak)
rCorr  .         Reflect  .     (no gloves)
SustAt .         Harm     .     (no boots)
MR     .....                    (no amulet)
Stlth  ..........               (no ring)
                                (no ring)

@:
A: horns 1, magic shield
a: no special abilities


You were on level 3 of the Dungeon.
You were not hungry.

You visited 1 branch of the dungeon, and saw 3 of its levels.

You collected 154 gold pieces.

Inventory:

Hand Weapons
 a - a +0 war axe (weapon)
Missiles
 d - 3 throwing nets (quivered)
Armour
 b - a +0 leather armour
 e - a +0 plate armour (worn)
Scrolls
 h - a scroll of magic mapping
 j - a scroll of blinking
 k - a scroll of teleportation
Potions
 i - a potion of cancellation
 m - a potion of berserk rage {unknown}
Comestibles
 c - a beef jerky
 f - 4 bread rations
 g - a chunk of flesh


   Skills:
 - Level 2.5 Fighting
 * Level 4.3 Axes
 - Level 1.7 Throwing
 + Level 0.6 Armour
 - Level 2.6 Dodging


You had 3 spell levels left.
You didn't know any spells.

Dungeon Overview and Level Annotations

Branches:
Dungeon (3/15)

Altars:


Innate Abilities, Weirdness & Mutations

You have a pair of small horns on your head.
When hurt, damage is shared between your health and your magic reserves.


Message History

The orc priest is heavily wounded.
You closely miss the giant gecko.
The giant gecko bites you but does no damage.
The orc priest hits you but does no damage.
The giant gecko completely misses you.
You closely miss the orc priest.
The orc priest is heavily wounded.
You hit the giant gecko.
The giant gecko bites you but does no damage.
The orc priest hits you with a club.
* * * LOW HITPOINT WARNING * * *
You closely miss the orc priest.
The orc priest is heavily wounded.
You hit the giant gecko but do no damage.
The giant gecko bites you but does no damage.
The orc priest calls down the wrath of Beogh upon you.
Pain shoots through your body!
* * * LOW HITPOINT WARNING * * *
The giant gecko bites you.
You die...

#. #.## . #P.
######...
.#+##..#####. .P....#
... ...... ......#
##..# #.#.# #.###.#
#.....##...####......
..o#...........###.#
#l####.######.###..
#o@....# #.......##
#.)).### #.##.##.#
#......# #.##....#
.........# #(##....#
#.##...... #.##....#
# #......! #.###.#.#
#.......# #.. ....#
...^....# ......###
##.......# ##..


You could see 2 orc priests and a giant gecko.

Vanquished Creatures
  Crazy Yiuf (D:2)
  An adder (D:2)
  2 oozes (D:2)
  A dart slug (D:2)
  A giant gecko (D:3)
  2 orcs (D:3)
  6 bats
  4 giant cockroaches
  A hobgoblin (D:1)
  A quokka (D:2)
  A giant newt (D:1)
  8 goblins
  4 kobolds
  4 rats
37 creatures vanquished.

Notes
Turn   | Place    | Note
-------+----------+-------------------------------------------
     0 | D:1      | Geppetto the Demonspawn Gladiator began the quest for the Orb.
     0 | D:1      | Reached XP level 1. HP: 16/16 MP: 1/1
   164 | D:1      | Reached skill level 3 in Axes
   164 | D:1      | Gained mutation: You have a pair of small horns on your head. [demonic ancestry]
   164 | D:1      | Reached XP level 2. HP: 21/22 MP: 2/2
   637 | D:2      | Gained mutation: When hurt, damage is shared between your health and your magic reserves. [demonic ancestry]
   637 | D:2      | Reached XP level 3. HP: 27/28 MP: 3/3
   993 | D:2      | Found a runed door.
  1143 | D:2      | Noticed Crazy Yiuf
  1148 | D:2      | Paralysed by Crazy Yiuf for 3 turns
  1152 | D:2      | Killed Crazy Yiuf
  1152 | D:2      | Reached skill level 4 in Axes
  1152 | D:2      | Reached XP level 4. HP: 30/34 MP: 2/4
  1259 | D:3      | HP: 1/34 [orc priest/nerve-wracking pain (2)]
  1259 | D:3      | Slain by a giant gecko

Vault maps used:
D:1:      minmay_arrival_pointy
D:2:      uniq_crazy_yiuf_cottage
D:3:      corexii_shack_village, minitemple, first_bread, corexii_shack

Skill      XL: |  1  2  3 |
---------------+----------+-----
Axes           | 3 4 |  4.3
Fighting       | |  2.5
Throwing       | |  1.7
Armour         | |  0.6
Dodging        | |  2.6

Action                   |  1- 3 |  4- 6 || total
-------------------------+-------+-------++-------
Melee: War axe           |   100 |    11 ||   111
       Headbutt          |     9 |     2 ||    11
  Use: Scroll            |     5 |       ||     5
  Eat: Chunk             |     1 |       ||     1
Armor: Plate armour      |    98 |    12 ||   110
       Leather armour    |     1 |       ||     1
Dodge: Dodged            |    32 |     4 ||    36
